 Dungeon Crawl Stone Soup version 0.31-a0-1405-g2bb1a01664 (webtiles) character file.

Game seed: 17448666993914228000

9128 jasper the Fighter (level 11, -10/122 HPs)
             Began as an Oni Fighter on Dec 25, 2023.
             Was a Priest of Okawaru.
             Mangled by a boulder beetle (46 damage)
             ... on level 11 of the Dungeon.
             The game lasted 00:16:55 (11151 turns).

jasper the Fighter (Oni Fighter)                   Turns: 11151, Time: 00:16:55

Health: -10/122    AC:  5    Str: 26    XL:     11   Next: 41%
Magic:  8/14       EV: 10    Int:  9    God:    Okawaru [***...]
Gold:   479        SH: 17    Dex:  8    Spells: 10/10 levels left

rFire   . .          .
                       - Unarmed
rCold   . . .        b - +1 kite shield
rNeg    . . .        q - +1 robe {Will+}
rPois   .            (helmet restricted)
rElec   .            g - +0 cloak
rCorr   .            (gloves unavailable)
SInv    .            (boots unavailable)
Will    ++...        e - amulet of reflection
Stlth   ++           (no ring)
HPRegen 0.40/turn    (no ring)
MPRegen 0.14/turn

%: reflection
@: about to teleport, heroic, finesse-ful
A: large, unfitting armour, horns 1, tough skin 1, double potion healing,
drunken brawling
a: Renounce Religion, Heroism


You were on level 11 of the Dungeon.
You worshipped Okawaru.
Okawaru was most pleased with you.
You visited 1 branch of the dungeon, and saw 11 of its levels.

You collected 644 gold pieces.
You spent 165 gold pieces at shops.

Inventory:

Missiles
 d - 13 large rocks
 p - 2 throwing nets
 u - a curare-tipped dart
Armour
 a - a +0 robe
 b - a +1 kite shield (worn)
 g - a +0 cloak (worn)
 q - a +1 robe of willpower (worn)
 s - a +0 troll leather armour
Jewellery
 e - an amulet of reflection (around neck)
 i - a ring of positive energy
 j - a ring of ice
 m - a ring of fire
Talismans
 t - a beast talisman
Wands
 c - a wand of flame (16)
 r - a wand of roots (10)
 y - a wand of polymorph (8)
Scrolls
 f - a scroll of amnesia
 l - a scroll of immolation
 o - 2 scrolls of fog
 v - a scroll of revelation
 w - a scroll of torment
Potions
 k - a potion of might
 n - a potion of cancellation
 z - a potion of berserk rage
 A - 2 potions of enlightenment


   Skills:
 - Level 11.6(16.6) Fighting
 - Level 3.0(8.0) Throwing
 - Level 2.6(7.6) Dodging
 - Level 8.2(13.2) Shields
 - Level 11.1(16.1) Unarmed Combat
 + Level 4.2 Invocations


You had 10 spell levels left.
You didn't know any spells.
Your spell library contained the following spells:

 Spells                   Type           Power      Damage    Failure   Level
 Apportation              Tloc           0%         N/A       52%         1
 Necrotise                Necr           0%         1d4       52%         1
 Sting                    Conj/Alch      0%         1d3       52%         1
 Ozocubu's Armour         Ice            0%         N/A       88%         3
 Olgreb's Toxic Radiance  Alch           0%         N/A       99%         4
 Metabolic Englaciation   Hex/Ice        0%         N/A       100%        5
 Ozocubu's Refrigeration  Ice            0%         4d7       100%        7
 Discord                  Hex            0%         N/A       100%        8
 Summon Small Mammal      Summ           Unusable   N/A       N/A         1
 Simulacrum               Ice/Necr       Unusable   N/A       N/A         6

Dungeon Overview and Level Annotations

Branches:
Dungeon (11/15)            Temple (0/1) D:7            Lair (0/5) D:10
    Orc: D:9-12

Altars:
Hepliaklqana
Kikubaaqudgha
Okawaru
Uskayaw
Xom

Shops:
D:8 :   D:10 *

Annotations:
D:3 Grinder
D:7 Jeremiah


Innate Abilities, Weirdness & Mutations

You are too large for most types of armour.
You have a pair of small horns on your head.
You have tough skin. (AC +1)
You gain doubled healing and magic from potions.
Whenever you drink a healing potion, you attack all around you.


Message History

You kill the wolf!
Okawaru accepts your kill.
Things that are here:
a +1 heavy spear; a +0 animal skin The boulder beetle curls into a ball and begins rolling!
You see here a wolf corpse.
Aiming: Fastroot
Press: ? - help, Shift-Dir - straight line, f - boulder beetle
Aim: a boulder beetle (rolling)
The roots erupt in riotous growth!
Roots grab the boulder beetle.
The grasping roots constrict the boulder beetle, but do no damage.
The boulder beetle struggles to escape constriction.
The grasping roots constrict the boulder beetle.
The roots release their grip on the boulder beetle.
You see here 17 gold pieces.
Aiming: Fastroot
Press: ? - help, Shift-Dir - straight line, f/p - boulder beetle
Aim: a boulder beetle (rolling)
The roots erupt in riotous growth!
Roots grab the boulder beetle.
The grasping roots constrict the boulder beetle.
The boulder beetle struggles to escape constriction. x2
Okay, then.
Okay, then.
The grasping roots constrict the boulder beetle.
The boulder beetle escapes!
Aiming: Fastroot
Press: ? - help, Shift-Dir - straight line, f/p - boulder beetle
Aim: a boulder beetle (lightly wounded, rolling)
The roots erupt in riotous growth!
Roots grab the boulder beetle.
The grasping roots constrict the boulder beetle.
The boulder beetle struggles to escape constriction. x2
As you read the scroll of teleportation, it crumbles to dust.
You feel strangely unstable.
The grasping roots constrict the boulder beetle.
The roots release their grip on the boulder beetle.
The boulder beetle hits you!!!
You die...

## ### .. ..# ###.
#.##### #.. #.#...
#######.######.#.####..
........B○)†........'..
###....@######.#.####..
#.....# #.#.#
........######.#.# ..
.......###.....#^###
#'#
.....#####.....#.#.#
#.# ..... ..........#.#
#.# ####.
###.........###.#
###<..........#
................


You could see a boulder beetle (rolling).

Vanquished Creatures
  Harold (D:9)
  A two-headed ogre (D:9)
  A cyclops (D:11)
  A manticore (D:11)
  An ugly thing (D:9)
  An unseen horror (D:11)
  A kobold demonologist (D:10)
  2 trolls
  A hornet (D:9)
  5 yaks (D:9)
  2 wyverns
  A wraith (D:11)
  Grum (D:11)
  3 vampire mosquitoes (D:10)
  A steam dragon (D:7)
  An acid dragon (D:10)
  2 water moccasins
  A black bear (D:5)
  3 sky beasts
  3 wolves
  A centaur (D:7)
  4 ogres (D:5)
  2 phantoms
  A kobold brigand (D:8)
  3 gnoll sergeants
  2 scorpions
  5 wights (D:9)
  6 killer bees (D:10)
  An electric eel (D:10)
  4 howler monkeys
  3 bombardier beetles
  3 gnoll boudas (D:10)
  2 jellies
  4 orc priests
  14 hounds
  Ijyb (D:3)
  4 iguanas
  3 orc wizards
  22 gnolls
  4 adders
  A shadow imp (D:7)
  2 ufetubi (D:6)
  A worm (D:4)
  2 dart slugs
  20 orcs
  4 endoplasms
  5 giant cockroaches
  7 goblins
  3 hobgoblins
  5 jackals
  9 kobolds
  A quokka (D:3)
  5 ball pythons
  3 bats
  3 frilled lizards (D:3)
  A rat (D:3)
194 creatures vanquished.

Notes
Turn   | Place    | Note
-------+----------+-------------------------------------------
     0 | D:1      | jasper the Oni Fighter began the quest for the Orb.
     0 | D:1      | Reached XP level 1. HP: 24/24 MP: 1/1
    17 | D:2      | Reached XP level 2. HP: 23/32 MP: 2/2
    59 | D:3      | Noticed Ijyb
    71 | D:3      | Killed Ijyb
    72 | D:3      | Reached XP level 3. HP: 21/40 MP: 3/3
   317 | D:3      | Noticed Grinder
  1318 | D:3      | Reached XP level 4. HP: 46/49 MP: 4/4
  2259 | D:4      | Reached skill level 5 in Fighting
  2276 | D:4      | Reached XP level 5. HP: 26/57 MP: 5/5
  2502 | D:4      | Found a hazy altar of Hepliaklqana.
  3044 | D:4      | Reached XP level 6. HP: 54/66 MP: 6/6
  3095 | D:5      | Entered Level 5 of the Dungeon
  3528 | D:5      | Reached XP level 7. HP: 58/75 MP: 7/7
  3632 | D:5      | Reached skill level 5 in Unarmed Combat
  4344 | D:5      | Noticed a wyvern
  4348 | D:5      | Killed a wyvern
  4349 | D:5      | Reached XP level 8. HP: 75/87 MP: 8/8
  4654 | D:5      | Reached skill level 5 in Shields
  4912 | D:6      | Found an ancient bone altar of Kikubaaqudgha.
  5523 | D:6      | Found an iron altar of Okawaru.
  5523 | D:6      | Found a shimmering altar of Xom.
  5628 | D:6      | Became a worshipper of Warmaster Okawaru
  5964 | D:7      | Reached * piety under Okawaru
  5970 | D:7      | Reached XP level 9. HP: 49/96 MP: 9/9
  6408 | D:7      | Found a staircase to the Ecumenical Temple.
  6652 | D:7      | Found a hide-covered altar of Uskayaw.
  6671 | D:7      | Reached skill level 1 in Invocations
  6676 | D:7      | Reached skill level 1 in Throwing
  6935 | D:7      | Noticed Jeremiah
  7729 | D:8      | Found Ypaniw Qysh's Book Emporium.
  8029 | D:9      | Noticed a two-headed ogre
  8040 | D:9      | Killed a two-headed ogre
  8040 | D:9      | Reached ** piety under Okawaru
  8041 | D:9      | Reached XP level 10. HP: 56/107 MP: 10/12
  8326 | D:9      | Noticed a purple ugly thing
  8338 | D:9      | Killed a purple ugly thing
  8378 | D:9      | Reached skill level 10 in Fighting
  8599 | D:9      | Paralysed by a hornet for 3 turns
  8605 | D:9      | Paralysed by a hornet for 1 turns
  8610 | D:9      | HP: 5/110 [poisoned by a hornet]
  8615 | D:9      | HP: 2/111 [poisoned by a hornet]
  8944 | D:9      | Noticed Harold
  8956 | D:9      | Killed Harold
  8957 | D:9      | Reached skill level 10 in Unarmed Combat
  8986 | D:10     | Entered Level 10 of the Dungeon
  9248 | D:10     | Reached *** piety under Okawaru
  9330 | D:10     | Found a staircase to the Lair.
  9496 | D:10     | Found Cuniteri's Assorted Antiques.
  9500 | D:10     | Bought a scroll labelled ZUOCIA FEOGAHA for 28 gold pieces
  9500 | D:10     | Bought a silvery potion for 25 gold pieces
  9500 | D:10     | Bought a silver wand for 112 gold pieces
  9536 | D:10     | Noticed a kobold demonologist
  9547 | D:10     | Killed a kobold demonologist
  9640 | D:10     | Reached XP level 11. HP: 43/120 MP: 11/13
 10183 | D:10     | Identified the +11 whip "Zelo" {freeze, rElec rF+ Int+5}
 10657 | D:11     | Noticed a manticore
 10666 | D:11     | Killed a manticore
 10867 | D:11     | Noticed a cyclops
 10895 | D:11     | Killed a cyclops
 10895 | D:11     | Reached **** piety under Okawaru
 11123 | D:11     | Noticed Grum
 11124 | D:11     | Noticed a boulder beetle
 11140 | D:11     | Killed Grum
 11151 | D:11     | Mangled by a boulder beetle

Illustrated notes

Levels and vault maps discovered:
D:1:      nzn_arrival_water_spiral, layout_basic
D:2:      layout_loops_ring, roderic_serpentine_path
D:3:      layout_basic, uniq_ijyb, uniq_grinder
D:4:      layout_basic, mainiacjoe_overflow_concentric_impassable,
          grunt_tough_drop
D:5:      layout_cave_pods
D:6:      layout_basic, mainiacjoe_overflow_divided_tiny, amcnicky_altar_gilded,
          minmay_quadrilaterals
D:7:      layout_loops_ring, mainiacjoe_overflow_catwalk,
          minmay_temple_entry_large_hall, grunt_ministairs_5, minivault_5,
          dreamdust_mushroom_princess, dreamdust_gnoll_farm, uniq_jeremiah
D:8:      layout_cave_pods, serial_shops, nicolae_shop_window_shopping
D:9:      layout_cave_pools, kennysheep_orc_monster_closet_entryway,
          serial_column_ruins, column_ruins_hut_pillars,
          column_ruins_circle_medium, column_ruins_corridor_dead_end,
          column_ruins_open_medium, column_ruins_columns_straight,
          column_ruins_columns_straight, uniq_harold
D:10:     layout_cave_pools, erik_lair_island, serial_gnoll_camp,
          gnoll_camp_huts_basic, gnoll_camp_mini_hut, gnoll_camp_mini_basic,
          gnoll_camp_mini_shop
D:11:     layout_basic, serial_shops, nicolae_shop_rolled_up,
          nicolae_shop_fire_sale [nicolae_sub_dead_trees], chei_slow_surprise,
          uniq_grum

Skill      XL: |  1  2  3  4  5  6  7  8  9 10 11 |
---------------+----------------------------------+-----
Unarmed Combat | 2 3 4 6 7 8 10 11 | 11.1
Shields        | 3 4 5 6 7 8 |  8.2
Fighting       | 5 6 7 8 9 11 | 11.6
Invocations    | 3 4 |  4.2
Throwing       | 3 |  3.0
Dodging        | |  2.6

Action                     |  1- 3 |  4- 6 |  7- 9 | 10-12 || total
---------------------------+-------+-------+-------+-------++-------
  Melee: Unarmed           |    89 |   168 |   260 |   296 ||   813
         Headbutt          |     4 |    30 |    39 |    55 ||   128
 Invoke: Heroism           |       |       |     3 |     8 ||    11
         Finesse           |       |       |       |     1 ||     1
  Evoke: Wand              |     3 |     3 |     6 |     5 ||    17
    Use: Potion            |     2 |       |     3 |     3 ||     8
         Scroll            |     3 |     2 |     8 |     4 ||    17
 Armour: Robe              |    44 |    69 |   124 |   153 ||   390
         Skin              |       |       |     6 |       ||     6
  Dodge: Dodged            |    19 |    44 |    55 |    75 ||   193
  Block: Kite shield       |    40 |   107 |   175 |   261 ||   583
         Reflection        |       |     1 |     2 |     2 ||     5

Table legend: (Time is in decaauts)
 A = Elapsed time spent in this place.
 B = Non-inter-level travel time spent in this place.
 C = Inter-level travel time spent in this place.
 D = Time resting spent in this place.
 E = Time spent auto-exploring this place.
 F = Levels seen in this place.
 G = Mean time per level.
                   A        B        C        D        E       F      G
               +--------+--------+--------+--------+--------+-----+--------+
         Total |  11129 |  10804 |    325 |   1423 |   7461 |  11 | 1011.7 |
       Dungeon |  11129 |  10804 |    325 |   1423 |   7461 |  11 | 1011.7 |
               +--------+--------+--------+--------+--------+-----+--------+

Top non-repeatable levels by time:
     D:5: 1770 daAuts
    D:10: 1532 daAuts
     D:3: 1190 daAuts
     D:7: 1075 daAuts
     D:9: 1046 daAuts
     D:8: 1044 daAuts
     D:6: 1041 daAuts
     D:2: 1007 daAuts
     D:4: 914 daAuts
    D:11: 504 daAuts
     D:1: 2 daAuts
